 Dungeon Crawl Stone Soup version 0.30-a0-965-g42e074c17a (webtiles) character file.

Game seed: 1286783361216385510

76 Sobieck the Magician (level 4, 0/34 HPs)
             Began as a Mummy Reaver on Mar 30, 2023.
             Slain by an orc wizard
             ... wielding a +0 dagger
              (4 damage)
             ... on level 3 of the Dungeon.
             The game lasted 00:03:27 (1886 turns).

Sobieck the Magician (Mummy Reaver)                 Turns: 1886, Time: 00:03:27

Health: 0/34       AC:  8    Str: 15    XL:     4   Next: 12%
Magic:  9/9        EV: 10    Int: 14    God:
Gold:   155        SH:  0    Dex: 10    Spells: 9/10 levels left

rFire   x . .      SeeInvis .    a - +0 hand axe {axe}
rCold   + . .      Faith    +    (no shield)
rNeg    + + +      Spirit   .    i - +2 ring mail {Will+}
rPois   ∞          Reflect  .    m - +0 helmet
rElec   .          Rampage  .    (no cloak)
rCorr   .                        (no gloves)
Will    +....                    (no boots) Stlth
                                 (no amulet)
HPRegen 0.25/turn                (no ring)
MPRegen 0.11/turn                (no ring)

@: confused
A: cold resistance 1, negative energy resistance 3, torment resistance 2, heat
vulnerability 1, in touch with death 1, no potions, faith
a: no special abilities


You were on level 3 of the Dungeon.
You visited 1 branch of the dungeon, and saw 3 of its levels.

You collected 155 gold pieces.


Innate Abilities, Weirdness & Mutations

You are immune to poison.
Your flesh is cold resistant. (rC+)
You are immune to negative energy. (rN+++)
You are immune to unholy pain and torment.
You are vulnerable to heat. (rF-)
You are in touch with the powers of death.
You do not drink.
You have a special connection with the divine. (Faith)


   Skills:
 + Level 2.8 Fighting
 + Level 2.9 Axes
 - Level 1.5 Dodging
 + Level 3.5 Spellcasting
 + Level 3.0 Conjurations


You had 9 spell levels left.
You knew the following spells:

 Your Spells              Type           Power      Damage    Failure   Level
a - Kiss of Death         Conj/Necr      36%        2d8       22%         1

Your spell library contained the following spells:

 Spells                   Type           Power      Damage    Failure   Level
 Momentum Strike          Conj/Tloc      12%        3d8       32%         2
 Hailstorm                Conj/Ice       6%         3d4       54%         3
 Ozocubu's Armour         Ice            2%         N/A       77%         3
 Metabolic Englaciation   Hex/Ice        1%         N/A       100%        5
 Simulacrum               Ice/Necr       1%         N/A       100%        6

Inventory:

Hand Weapons
 a - a +0 hand axe (weapon) {axe}
 h - a +1 dagger of distortion {!wshort}
   (You took it off a goblin on level 1 of the Dungeon)
Missiles
 f - 14 stones {throwing}
 k - 2 boomerangs {throwing}
 l - 7 javelins {throwing}
 p - 3 poisoned darts {throwing}
 u - 2 datura-tipped darts {throwing}
Armour
 b - a +0 leather armour
 i - a +2 ring mail of willpower (worn)
   (You found it on level 1 of the Dungeon)
 m - a +0 helmet (worn)
   (You found it on level 2 of the Dungeon)
 v - a +0 robe
   (You found it on level 2 of the Dungeon)
Magical Staves
 e - a staff of death {!astaff}
   (You found it on level 1 of the Dungeon)
 s - a staff of death {!astaff}
   (You found it on level 2 of the Dungeon)
Jewellery
 d - an amulet of faith {!P}
   (You found it on level 1 of the Dungeon)
Scrolls
 c - 5 scrolls of teleportation {unknown}
 g - a scroll of summoning {unknown}
 j - 4 scrolls of identify {unknown}
 n - a scroll of vulnerability {unknown}
 o - a scroll of amnesia {unknown}
 q - a scroll of fog {unknown}
 r - a scroll of magic mapping {unknown}
 t - a scroll of enchant armour {unknown}

Dungeon Overview and Level Annotations

Branches:
Dungeon (3/15) Zot: 16084

Altars:

Annotations:
D:3 Ijyb

......o...#. ######
........#.#. #.....#
..........#.#.......
.......... .........
.........###........
....$.....##.........
.........oog.........#
.........###@........#
........ogo{{.......##.##
#......#####.............
#.###.. #............. .
#... #............. .....
#.........#.# ......
#...........# ......
##.........# ##.....####


You could see Ijyb, 4 orcs and a goblin.


Message History

Unknown command.
You hit something but do no damage. You closely miss the orc wizard.
You barely miss the orc. Something hits you but does no damage.
The orc hits you but does no damage.
The orc wizard hits you with a +0 dagger.
* * * LOW HITPOINT WARNING * * *
You miss something. You barely miss the orc wizard. You barely miss the orc.
Something hits you but does no damage. The orc hits you but does no damage.
The orc wizard closely misses you.
Unknown command.
You closely miss something. You closely miss the orc wizard. You hit the orc.
An orc wizard appears from thin air!
Reactivating autopickup.
The orc wizard closely misses you.
An orc comes into view. It is wielding a +0 dagger.
The orc hits you but does no damage. The orc wizard barely misses you.
You miss the orc wizard. You barely miss the orc.
The orc shouts!
You hit the orc wizard but do no damage.
The orc wizard barely misses you. The orc barely misses you.
An orc comes into view. It is wielding a +0 club.
The orc wizard hits you but does no damage.
The orc wizard gestures at you while chanting.
The magic dart hits you.
* * * LOW HITPOINT WARNING * * *
The orc wizard mumbles some strange words.
The orc wizard flickers and vanishes!
Deactivating autopickup; reactivate with Ctrl-A.
The orc misses you.
Unknown command.
The orc shouts!
You hit something. You closely miss the orc wizard. You hit the orc.
Something hits you but does no damage. The orc closely misses you.
The orc wizard casts a spell at you. The puff of flame misses you.
Unknown command.
You closely miss something.
You hit the orc wizard but do no damage.
You hit the orc.
You kill the orc!
Something hits you but does no damage.
The orc wizard casts a spell.
The orc wizard flickers and vanishes!
Your Conjurations skill increases to level 3!
Unknown command.
You closely miss something. You hit something. You hit the goblin.
An adder comes into view.
Something hits you but does no damage. The goblin hits you but does no damage.
Something hits you but does no damage.
You hit something. You closely miss the goblin. You closely miss something.
Something completely misses you. The goblin hits you but does no damage.
Something hits you but does no damage.
Unknown command.
You miss something. You hit the goblin. You miss something.
Something hits you but does no damage. The goblin hits you but does no damage.
Something hits you but does no damage.
You closely miss something. You hit something but do no damage.
You barely miss the goblin. Something hits you.
* * * LOW HITPOINT WARNING * * *
The goblin hits you but does no damage. Something hits you but does no damage.
Something hits you.
* * * LOW HITPOINT WARNING * * *
The goblin hits you with a +0 club.
* * * LOW HITPOINT WARNING * * *
You hear some strange, mumbled words.
Something tries to affect you, but you resist.
Unknown command.
You closely miss something. You miss something. You closely miss the goblin.
Something hits you.
* * * LOW HITPOINT WARNING * * *
The goblin hits you but does no damage. Something hits you but does no damage.
Unknown command.
You barely miss something. You closely miss the goblin.
You barely miss something. Something hits you but does no damage.
The goblin barely misses you. Something hits you but does no damage.
You closely miss something. You miss something. You closely miss the goblin.
Something hits you but does no damage. The goblin barely misses you.
Something hits you but does no damage.
You closely miss something. You hit something but do no damage.
You hit the goblin but do no damage. Something hits you but does no damage.
The goblin hits you with a +0 club.
* * * LOW HITPOINT WARNING * * *
Something hits you but does no damage.
Unknown command.
You miss something. You barely miss something. You closely miss the goblin.
Something hits you but does no damage. The goblin completely misses you.
Something hits you.
* * * LOW HITPOINT WARNING * * *
You barely miss something. You hit something. You closely miss the goblin.
Something hits you but does no damage. The goblin barely misses you.
You hear some strange, mumbled words.
You are confused.
You completely miss something. You barely miss the goblin.
You closely miss something. Something hits you.
* * * LOW HITPOINT WARNING * * *
The goblin barely misses you. Something hits you.
* * * LOW HITPOINT WARNING * * *
Something hits you but does no damage. The goblin hits you but does no damage.
Something hits you.
You die...

Skill      XL: |  1  2  3  4 |
---------------+-------------+-----
Spellcasting   | 3 |  3.5
Conjurations   | 3 |  3.0
Fighting       | |  2.8
Axes           | |  2.9
Dodging        | |  1.5

Action                     |  1- 3 |  4- 6 || total
---------------------------+-------+-------++-------
  Melee: Hand axe          |   144 |    30 ||   174
   Cast: Kiss of Death     |     2 |       ||     2
 Armour: Leather armour    |    29 |       ||    29
         Ring mail         |    43 |    46 ||    89
  Dodge: Dodged            |    84 |    26 ||   110

Levels and vault maps discovered:
D:1:      heliophobic_arrival_dark_side_of_the_moon, layout_rooms,
          minmay_quantized
D:2:      layout_loops_corners
D:3:      layout_rooms, mainiacjoe_overflow_cross_hatched, uniq_jessica,
          uniq_ijyb

Notes
Turn   | Place    | Note
-------+----------+-------------------------------------------
     0 | D:1      | Sobieck the Mummy Reaver began the quest for the Orb.
     0 | D:1      | Reached XP level 1. HP: 16/16 MP: 4/4
    25 | D:1      | You pick up a book of Winter and begin reading...
    25 | D:1      | You add the spells Ozocubu's Armour, Metabolic Englaciation
                  | and Simulacrum to your library.
   194 | D:1      | Reached XP level 2. HP: 20/21 MP: 5/5
   217 | D:1      | Reached skill level 3 in Spellcasting
   217 | D:1      | HP: 2/22 [goblin/+0 club (4)]
   840 | D:2      | Gained mutation: You are in touch with the powers of death.
                  | [Mummy growth]
   840 | D:2      | Reached XP level 3. HP: 19/24 MP: 7/7
  1810 | D:3      | Reached XP level 4. HP: 27/34 MP: 7/9
  1847 | D:3      | Noticed Ijyb
  1876 | D:3      | Reached skill level 3 in Conjurations
  1883 | D:3      | HP: 8/34 [goblin/+0 club (2)]
  1886 | D:3      | Slain by an orc wizard

Vanquished Creatures
  2 adders (D:2)
  A shadow imp (D:3)
  A dart slug (D:2)
  2 orcs (D:3)
  4 endoplasms
  A giant cockroach (D:2)
  7 goblins (D:1)
  3 hobgoblins (D:1)
  5 jackals
  2 kobolds (D:1)
  A quokka (D:1)
  7 ball pythons
  3 bats
  5 rats
44 creatures vanquished.

Table legend:
 A = Non-vault XP
 B = Vault XP
 C = Vault XP percentage of total XP
 D = Non-vault monster count
 E = Vault monster count
 F = Vault count percentage of total count
                 A         B        C        D         E       F
            +---------+---------+-------+---------+---------+-------
      Total |     103 |       6 |   5.5 |      40 |       4 |   9.1
            +---------+---------+-------+---------+---------+-------
        D:1 |      34 |       6 |  15.0 |      20 |       4 |  16.7
        D:2 |      48 |       0 |   0.0 |      14 |       0 |   0.0
        D:3 |      21 |       0 |   0.0 |       6 |       0 |   0.0
            +---------+---------+-------+---------+---------+-------

Illustrated notes

Table legend:
 A = Kills in this place as a percentage of kills in the entire game.
 B = Kills by you in this place as a percentage of kills by you in the entire game.
 C = Kills by friends in this place as a percentage of kills by friends in the entire game.
 D = Other kills in this place as a percentage of other kills in the entire game.
 E = Experience gained in this place as a percentage of experience gained in the entire game.
 F = Experience gained in this place divided by the number of levels of this place that you have seen.
                   A       B       C       D       E      F
               +-------+-------+-------+-------+-------+----------------------
         Total | 100.0 | 100.0 |   N/A |   N/A | 100.0 |  36.3
       Dungeon | 100.0 | 100.0 |   N/A |   N/A | 100.0 |  36.3
               +-------+-------+-------+-------+-------+----------------------

Table legend: (Time is in decaauts)
 A = Elapsed time spent in this place.
 B = Non-inter-level travel time spent in this place.
 C = Inter-level travel time spent in this place.
 D = Time resting spent in this place.
 E = Time spent auto-exploring this place.
 F = Levels seen in this place.
 G = Mean time per level.
                   A        B        C        D        E       F      G
               +--------+--------+--------+--------+--------+-----+--------+
         Total |   1914 |   1855 |     59 |    144 |   1333 |   3 |  638.0 |
       Dungeon |   1914 |   1855 |     59 |    144 |   1333 |   3 |  638.0 |
               +--------+--------+--------+--------+--------+-----+--------+

Top non-repeatable levels by time:
     D:2: 1004 daAuts
     D:1: 790 daAuts
     D:3: 118 daAuts
